 Dungeon Crawl Stone Soup version 0.24-a0-613-g1ff6aac338 (webtiles) character file.

Game seed: 1723000364368353150, levelgen mode: deterministic

634 Peloso the Slasher (level 7, -1/60 HPs)
             Began as a Minotaur Fighter on Sept 11, 2019.
             Was a Follower of Okawaru.
             Killed by nerve-wracking pain
             ... invoked by a shadow imp
              (11 damage)
             ... on level 5 of the Dungeon.
             The game lasted 00:05:54 (2326 turns).

Peloso the Slasher (Minotaur Fighter)               Turns: 2326, Time: 00:05:56

Health: -1/60      AC: 12    Str: 21    XL:     7   Next: 25%
Magic:  6/6        EV:  5    Int:  5    God:    Okawaru [*.....]
Gold:   201        SH: 10    Dex: 15    Spells: 6/6 levels left

rFire    . . .     SeeInvis .   a - +0 long sword
rCold    . . .     Gourm    .   c - +0 shield
rNeg     . . .     Faith    .   o - +0 plate armour
rPois    .         Spirit   .   (helmet restricted)
rElec    .         Reflect  .   (no cloak)
rCorr    .         Harm     .   (no gloves)
MR       .....                  (no boots)
Stlth    ..........             (no amulet)
HPRegen  0.20/turn              t - +4 ring of dexterity
MPRegen  0.10/turn              (no ring)

@: no status effects
A: retaliatory headbutt, horns 2
a: Heroism, Renounce Religion


You were on level 5 of the Dungeon.
You worshipped Okawaru.
Okawaru was aware of your devotion.
You were not hungry.

You visited 1 branch of the dungeon, and saw 5 of its levels.

You collected 201 gold pieces.

Inventory:

Hand Weapons
 a - a +0 long sword (weapon)
Armour
 b - a +0 scale mail
 c - a +0 shield (worn)
 o - a +0 plate armour (worn)
 v - the +4 ring mail of Imperfection {rF+ rCorr Str+3 Slay-3}
   (You found it on level 4 of the Dungeon)

   It affects your strength (+3).
   It affects your accuracy and damage with ranged weapons and melee attacks
   (-3).
   It protects you from fire.
   It provides partial protection from all sources of acid and corrosion.
Jewellery
 t - a +4 ring of dexterity (left hand)
Wands
 u - a wand of paralysis (11)
Scrolls
 e - 5 scrolls of magic mapping
 g - 2 scrolls of amnesia {unknown}
 h - a scroll of fear {unknown}
 i - 4 scrolls of remove curse
 j - 3 scrolls of enchant weapon {unknown}
 k - 2 scrolls of identify
 l - a scroll of enchant armour {unknown}
 p - a scroll of blinking {unknown}
Potions
 d - a potion of might
 m - a potion of curing
 n - a potion of resistance
 q - a potion of agility
 r - a potion of heal wounds {unknown}
 s - a potion of berserk rage {unknown}
 w - a potion of flight {unknown}
Comestibles
 f - 7 rations


   Skills:
 + Level 4.9 Fighting
 + Level 6.4 Long Blades
 + Level 5.5 Armour
 + Level 1.1 Dodging
 + Level 0.1 Stealth
 + Level 5.8 Shields


You had 6 spell levels left.
You didn't know any spells.
Your spell library was empty.

Dungeon Overview and Level Annotations

Branches:
Dungeon (5/15)
 Temple: D:4-7

Altars:
Ashenzari
Okawaru
Uskayaw
Xom
The Shining One


Innate Abilities, Weirdness & Mutations

You reflexively headbutt those who attack you in melee.
You have a pair of horns on your head.


Message History

You headbutt the sky beast!
The sky beast is severely wounded.
You block the sky beast's attack.
You completely miss the sky beast. You headbutt the sky beast.
The sky beast is severely wounded.
The sky beast hits you but does no damage. x2
You hit the sky beast. Your headbutt misses the sky beast.
The sky beast is almost dead.
The phantom blinks!
The sky beast hits you but does no damage.
You hit the sky beast.
You kill the sky beast!
Okawaru is honoured by your kill.
You slash the phantom! Your headbutt misses the phantom.
The phantom is lightly damaged.
The phantom blinks!
The phantom hits you.
* * * LOW HITPOINT WARNING * * *
The shadow imp gestures at you. Pain shoots through your body!
You die...

≈≈≈§§#.......#
≈..≈≈§.......
≈☼≈○.≈#....W##
≈≈°≈≈≈.[...§.##
≈≈≈..5≈.....>..#
≈≈. §≈.........
.≈§ #.W.....#
#.# #.@....# #.#
##.#†...... #.#
#..###..... #.#
##.###......
#.###..#...# ...
#..#.....# ..
###)...#### .
#####.....##
#.......######


You could see 2 phantoms and a shadow imp.

Vanquished Creatures
  2 sky beasts (D:5)
  An ogre (D:4)
  A crimson imp (D:2)
  A hound (D:4)
  Jessica (D:2)
  Terence (D:2)
  An orc wizard (D:4)
  2 worker ants (D:4)
  6 adders
  An ooze (D:2)
  4 worms
  3 dart slugs
  3 leopard geckos
  5 orcs
  13 bats
  7 giant cockroaches
  8 hobgoblins
  6 jackals
  A quokka (D:2)
  A frilled lizard (D:4)
  12 goblins
  5 kobolds
  9 rats
94 creatures vanquished.

Vanquished Creatures (others)
  An ogre (D:5)
  A crimson imp (D:5)
  A worker ant (D:5)
  An adder (D:5)
  A leopard gecko (D:5)
  A quokka (D:5)
6 creatures vanquished.

Grand Total: 100 creatures vanquished

Notes
Turn   | Place    | Note
-------+----------+-------------------------------------------
     0 | D:1      | Peloso the Minotaur Fighter began the quest for the Orb.
     0 | D:1      | Reached XP level 1. HP: 19/19 MP: 0/0
    65 | D:1      | Reached XP level 2. HP: 27/27 MP: 1/1
   235 | D:1      | Reached XP level 3. HP: 33/33 MP: 2/2
   540 | D:1      | Reached skill level 3 in Long Blades
   592 | D:2      | Reached skill level 4 in Long Blades
   592 | D:2      | Reached XP level 4. HP: 33/40 MP: 3/3
   853 | D:2      | Noticed Terence
   866 | D:2      | Killed Terence
   866 | D:2      | Reached XP level 5. HP: 38/47 MP: 4/4
   920 | D:2      | Noticed Jessica
   930 | D:2      | Killed Jessica
  1290 | D:3      | Reached skill level 5 in Long Blades
  1340 | D:3      | Found an iron altar of Okawaru.
  1349 | D:3      | Became a worshipper of Warmaster Okawaru
  1409 | D:3      | Reached skill level 1 in Dodging
  1471 | D:3      | Found a hide-covered altar of Uskayaw.
  1557 | D:3      | Noticed a +0 dagger
  1558 | D:3      | Noticed a +0 dagger
  1637 | D:3      | Found a shattered altar of Ashenzari.
  1709 | D:4      | Reached skill level 5 in Shields
  1709 | D:4      | Reached XP level 6. HP: 53/53 MP: 5/5
  1763 | D:4      | Found a glowing golden altar of the Shining One.
  2115 | D:4      | Got a spiked ring mail
  2126 | D:4      | Identified the +4 ring mail of Imperfection {rF+ rCorr
                  | Str+3 Slay-3} (You found it on level 4 of the Dungeon)
  2254 | D:5      | Entered Level 5 of the Dungeon
  2254 | D:5      | Noticed a sky beast
  2260 | D:4      | Reached * piety under Okawaru
  2301 | D:5      | Killed a sky beast
  2301 | D:5      | Reached skill level 6 in Long Blades
  2301 | D:5      | Reached skill level 5 in Armour
  2301 | D:5      | Reached XP level 7. HP: 34/60 MP: 6/6
  2317 | D:5      | Found a shimmering altar of Xom.
  2326 | D:5      | Killed from afar by a shadow imp

Levels and vault maps discovered:
D:1:      minmay_arrival_jagged, layout_rooms, minmay_worlds_worst_comb
D:2:      layout_loops_cross, uniq_terence, uniq_jessica
D:3:      layout_rooms, okawaru_gym_becter, dancing_weapons_uskayaw,
          lemuel_crystal_altar
D:4:      layout_basic, tso_altar
D:5:      lemuel_ratsnest, layout_rooms, minmay_temple_entry_metal_lava,
          first_ration, basic_altar, xom_confusion_cloud, uniq_grinder

Skill      XL: |  1  2  3  4  5  6 |
---------------+-------------------+-----
Shields        | 4 5 |  5.8
Fighting       | 4 |  4.9
Long Blades    | 4 5 6 |  6.4
Armour         | 4 5 |  5.5
Dodging        | 1 |  1.1
Stealth        | |  0.1

Action                   |  1- 3 |  4- 6 |  7- 9 || total
-------------------------+-------+-------+-------++-------
Melee: Long sword        |    71 |   182 |     9 ||   262
       Headbutt          |     7 |    25 |     2 ||    34
  Use: Potion            |     2 |       |       ||     2
       Scroll            |       |     4 |       ||     4
  Eat: Chunk             |       |     4 |     1 ||     5
Armor: Scale mail        |    40 |    24 |       ||    64
       Plate armour      |       |    67 |     4 ||    71
Dodge: Dodged            |    30 |    42 |     1 ||    73
Block: Shield            |    55 |   112 |     1 ||   168
       Rpst.: Long sword |     6 |    15 |       ||    21

Table legend:
 A = Non-vault XP
 B = Vault XP
 C = Vault XP percentage of total XP
 D = Non-vault monster count
 E = Vault monster count
 F = Vault count percentage of total count
                 A         B        C        D         E       F
            +---------+---------+-------+---------+---------+-------
      Total |     828 |      79 |   8.7 |      89 |       5 |   5.3
            +---------+---------+-------+---------+---------+-------
        D:1 |      47 |       6 |  11.3 |      27 |       3 |  10.0
        D:2 |     127 |      73 |  36.5 |      26 |       2 |   7.1
        D:3 |      97 |       0 |   0.0 |      22 |       0 |   0.0
        D:4 |     273 |       0 |   0.0 |      10 |       0 |   0.0
        D:5 |     284 |       0 |   0.0 |       4 |       0 |   0.0
            +---------+---------+-------+---------+---------+-------
